 Dungeon Crawl Stone Soup version 0.22.1-2-g9c5b331 (webtiles) character file.

9128 Mesmaeker13 the Blocker (level 10, -6/89 (90) HPs)
             Began as a Demigod Fighter on Dec 10, 2018.
             Succumbed to a death drake's dark miasma
             ... on level 11 of the Dungeon.
             The game lasted 00:20:45 (11777 turns).

Mesmaeker13 the Blocker (Demigod Fighter)          Turns: 11777, Time: 00:20:45

HP:   -6/89 (90)    AC: 13    Str: 21    XL:     10   Next: 99%
MP:   13/13         EV:  6    Int: 14    God:
Gold: 533           SH: 13    Dex: 17    Spells: 8/9 levels left

rFire    x . .     SeeInvis +   B - +10 hand axe of the Blessed Realm {chop, MR+ SInv}
rCold    + . .     Gourm    .   c - +1 shield
rNeg     . . .     Faith    .   o - +0 chain mail
rPois    .         Spirit   .   g - +0 helmet
rElec    .         Reflect  .   (no cloak)
rCorr    .         Harm     .   (no gloves)
MR       +++..                  b - +0 pair of boots
Stlth    ..........             p - amulet of rage
HPRegen  0.00/turn              O - ring of protection from magic
MPRegen  0.13/turn              n - ring of ice

@: lethally poisoned (-6 -> -138), non-regenerating, diseased, slowed, very slow
A: high mp 1
a: Evoke Berserk Rage


You were on level 11 of the Dungeon.
You were not hungry.

You visited 2 branches of the dungeon, and saw 12 of its levels.

You collected 533 gold pieces.

Inventory:

Hand Weapons
 u - a +0 scimitar
 B - the +10 hand axe of the Blessed Realm (weapon) {chop, MR+ SInv}
   (You found it on level 5 of the Dungeon)

   It inflicts extra damage upon your enemies.
   It affects your resistance to hostile enchantments.
   It lets you see invisible.
 N - a +0 whip of flaming
Missiles
 h - 3 tomahawks
 w - 27 poisoned needles
 A - 2 javelins (quivered)
 K - 4 tomahawks of returning
Armour
 a - a +2 large shield
 b - a +0 pair of boots (worn)
 c - a +1 shield (worn)
 g - a +0 helmet (worn)
 o - a +0 chain mail (worn)
 y - a +0 plate armour
Jewellery
 i - an uncursed ring of wizardry
 n - a ring of ice (right hand)
 p - an amulet of rage (around neck)
 L - an uncursed ring of flight
 O - a ring of protection from magic (left hand)
Wands
 H - a wand of paralysis (13)
 I - a wand of iceblast (6)
Scrolls
 j - 3 scrolls of fog
 k - 3 scrolls of fear
 m - 4 scrolls of amnesia
 q - 3 scrolls of enchant armour
 s - 3 scrolls of teleportation
 z - 2 scrolls of magic mapping {unknown}
 E - 2 scrolls of remove curse
 F - a scroll of enchant weapon {unknown}
 G - a scroll of vulnerability {unknown}
Potions
 d - 3 potions of might
 e - 3 potions of haste
 l - 2 potions of berserk rage
 r - 2 potions of flight
 v - a potion of degeneration {unknown}
 x - 2 potions of heal wounds
 C - a potion of ambrosia {unknown}
 D - a potion of agility {unknown}
 J - 2 potions of magic {unknown}
 M - a potion of mutation {unknown}
Comestibles
 f - 25 rations
 t - 4 chunks of flesh


   Skills:
 + Level 8.5 Fighting
 - Level 5.5 Long Blades
 + Level 5.9 Axes
 + Level 8.6 Armour
 + Level 8.6 Shields


You had 8 spell levels left.
You knew the following spells:

 Your Spells              Type           Power        Failure   Level  Hunger
a - Confusing Touch       Hex            #.....       99%         1    ##.....

Your spell library contained the following spells:

 Spells                   Type           Power        Failure   Level  Hunger
 Beastly Appendage        Tmut           #.....       99%         1    ##.....
 Sticks to Snakes         Tmut           #.......     100%        2    ###....
 Confuse                  Hex            #.......     100%        3    ####...
 Gell's Gravitas          Tloc           #.........   100%        3    ####...
 Spider Form              Tmut/Pois      #.........   100%        3    ####...
 Ice Form                 Ice/Tmut       #.......     100%        4    #####..
 Petrify                  Tmut/Erth      #.......     100%        4    #####..
 Blade Hands              Tmut           #.........   100%        5    ######.
 Metabolic Englaciation   Hex/Ice        #.........   100%        5    ######.
 Yara's Violent Unravell  Hex/Tmut       #.........   100%        5    ######.


Dungeon Overview and Level Annotations

Branches:
Dungeon (11/15)            Temple (0/1) D:7            Lair (1/6) D:9
    Orc: D:9-12

Shops:
D:6 %*%   D:9 :

Annotations:
D:9 1 runed door, 1 transporter, MordorOrchid's ghost, novice GnVM


Innate Abilities, Weirdness & Mutations

You have an increased reservoir of magic. (+10% MP)


Message History

Unknown command.
It was a potion of heal wounds.
You feel much better.
You feel extremely sick. The death drake breathes miasma at you.
The foul vapour engulfs you!
You are more poisoned.
* * * LOW HITPOINT WARNING * * *
The death drake bites you but does no damage.
As you read the scroll of fear, it crumbles to dust.
You assume a fearsome visage.
The death drake looks frightened!
You are engulfed in dark miasma.
You are more poisoned.
You feel your flesh rotting away!
You feel as though you will be slow longer.
* * * LOW HITPOINT WARNING * * *
x2 You feel extremely sick.
You feel much better.
You are engulfed in dark miasma.
You are more poisoned.
You feel your flesh rotting away!
You feel as though you will be slow longer.
* * * LOW HITPOINT WARNING * * *
You die...

............
..#######..#############
...........# ..........#
#........# #........#
#........# #........####
##### #.k..@......#
#....
..............######....
......(.................
........................
#+####..................
#..................
#..................
#..................
#....((.....)..####


You could see a death drake shaped shifter (fleeing).

Vanquished Creatures
  Fannar (D:10)
  2 two-headed ogres
  An unseen horror (D:11)
  Pikel (D:5)
  A manticore (D:8)
  A cyclops (D:11)
  Grinder (D:5)
  A troll (D:10)
  A hippogriff (Lair:1)
  A wraith (D:10)
  A hungry ghost (D:10)
  Menkaure (D:5)
  3 sky beasts
  3 orc warriors
  Duvessa (D:5)
  A hornet zombie (D:7)
  An ice beast (D:7)
  3 black bears
  7 ogres
  A necrophage (D:8)
  4 centaurs
  A phantom (D:8)
  3 crocodiles
  A wyvern zombie (D:6)
  2 bullfrogs
  Dowan (D:5)
  4 scorpions
  6 killer bees
  4 howler monkeys
  2 crimson imps
  A jelly (D:11)
  4 hounds
  5 orc priests
  8 orc wizards
  A bullfrog skeleton (D:5)
  A centaur skeleton (D:8)
  4 iguanas
  Natasha (twice) (D:2)
  3 worker ants
  A killer bee zombie (D:9)
  A hound zombie (D:7)
  2 hound skeletons
  A worker ant zombie (D:7)
  5 gnolls
  16 adders
  A shadow imp (D:10)
  An ooze (D:1)
  2 adder zombies
  6 leopard geckos
  29 orcs
  10 bats
  6 giant cockroaches
  4 goblins
  9 hobgoblins
  9 jackals
  3 quokkas
  9 frilled lizards
  6 kobolds
  A quokka zombie (D:5)
  7 rats
219 creatures vanquished.

Vanquished Creatures (others)
  3 slaves (D:5)
  A crimson imp (D:5)
  2 adder skeletons (D:5)
  A giant cockroach (D:5)
7 creatures vanquished.

Grand Total: 226 creatures vanquished

Notes
Turn   | Place    | Note
-------+----------+-------------------------------------------
     0 | D:1      | Mesmaeker13 the Demigod Fighter began the quest for the
                  | Orb.
     0 | D:1      | Reached XP level 1. HP: 18/18 MP: 3/3
   165 | D:1      | Reached XP level 2. HP: 22/25 MP: 4/4
  1025 | D:2      | Reached XP level 3. HP: 28/31 MP: 5/5
  1251 | D:2      | Noticed Natasha
  1847 | D:3      | Reached XP level 4. HP: 35/38 MP: 6/6
  2374 | D:2      | Killed Natasha
  2640 | D:2      | Noticed Natasha
  2644 | D:2      | Killed Natasha
  2880 | D:3      | Reached XP level 5. HP: 45/45 MP: 7/7
  3284 | D:3      | Found an opulent altar of Gozag.
  3508 | D:4      | Noticed an ogre
  3847 | D:4      | Reached XP level 6. HP: 46/52 MP: 8/8
  4544 | D:5      | Entered Level 5 of the Dungeon
  4570 | D:5      | Noticed Pikel
  4606 | D:5      | Killed Pikel
  4606 | D:5      | Reached skill level 5 in Fighting
  4606 | D:5      | Reached skill level 5 in Armour
  4606 | D:5      | Reached skill level 5 in Shields
  4606 | D:5      | Reached XP level 7. HP: 61/61 MP: 9/9
  4935 | D:5      | Reached XP level 8. HP: 51/68 MP: 10/10
  5131 | D:5      | Found a deep blue altar of Sif Muna.
  5133 | D:5      | Found a sparkling altar of Nemelex Xobeh.
  5136 | D:5      | Found a burning altar of Makhleb.
  5137 | D:5      | Found a stormy altar of Qazlal.
  5137 | D:5      | Found a snail-covered altar of Cheibriados.
  5138 | D:5      | Found an iron altar of Okawaru.
  5140 | D:5      | Found a blossoming altar of Fedhas.
  5141 | D:5      | Found a basalt altar of Yredelemnul.
  5357 | D:5      | Noticed Grinder
  5369 | D:5      | Paralysed by Grinder for 2 turns
  5378 | D:5      | Killed Grinder
  5378 | D:5      | Reached skill level 5 in Long Blades
  5474 | D:5      | Got a crude hand axe
  5507 | D:5      | Noticed Dowan
  5508 | D:5      | Noticed Duvessa
  5521 | D:5      | Killed Duvessa
  5524 | D:5      | Killed Dowan
  5543 | D:5      | Noticed Menkaure
  5551 | D:5      | Killed Menkaure
  6175 | D:6      | Found Diment Zoigi's General Store.
  6329 | D:6      | Identified the +10 hand axe of the Blessed Realm {chop, MR+
                  | SInv} (You found it on level 5 of the Dungeon)
  6414 | D:6      | Found Qosmebi's Food Boutique.
  6605 | D:6      | Reached skill level 1 in Axes
  6624 | D:6      | Found Tiadd's Food Shoppe.
  6694 | D:6      | Found an iron altar of Okawaru.
  6871 | D:7      | Reached XP level 9. HP: 66/75 MP: 11/11
  6923 | D:7      | You fall through a shaft!
  7464 | D:7      | Found a staircase to the Ecumenical Temple.
  8048 | D:7      | Found a shattered altar of Ashenzari.
  8297 | D:8      | Noticed a two-headed ogre
  8310 | D:8      | Killed a two-headed ogre
  8604 | D:8      | Noticed a manticore
  8613 | D:8      | Killed a manticore
  8613 | D:8      | Reached XP level 10. HP: 16/86 MP: 13/13
  9092 | D:9      | Learned a level 1 spell: Confusing Touch
  9096 | D:9      | Found a runed door.
  9097 | D:9      | Found a shimmering altar of Xom.
  9097 | D:9      | Noticed MordorOrchid's ghost (novice GnVM)
  9097 | D:9      | Noticed a flail of chaos
  9242 | D:9      | Noticed a two-headed ogre
  9307 | D:9      | Found an ornate altar of the Wu Jian Council.
  9338 | D:9      | Found Tagistuphe's Book Shoppe.
  9507 | D:9      | Killed a two-headed ogre
  9688 | D:9      | Found a transporter.
  9785 | D:9      | Found a staircase to the Lair.
  9831 | D:10     | Entered Level 10 of the Dungeon
  9944 | D:10     | Reached skill level 5 in Axes
 10730 | D:10     | Noticed Fannar
 10755 | D:10     | Killed Fannar
 11095 | Lair:1   | Entered Level 1 of the Lair of Beasts
 11210 | Lair:1   | Noticed a six-headed hydra
 11605 | D:11     | Noticed an unseen horror
 11627 | D:11     | Killed an unseen horror
 11700 | D:11     | Noticed a cyclops
 11718 | D:11     | Killed a cyclops
 11761 | D:11     | Noticed a death drake
 11761 | D:11     | a wind drake changed into a death drake
 11776 | D:11     | HP: 1/89 [poisoned by a death drake (dark miasma)]
 11777 | D:11     | Succumbed to a death drake's dark miasma

Skill      XL: |  1  2  3  4  5  6  7  8  9 10 |
---------------+-------------------------------+-----
Long Blades    | 2 3 4 5 |  5.5
Fighting       | 3 5 6 7 8 |  8.5
Armour         | 3 5 6 7 8 |  8.6
Shields        | 3 5 6 7 8 |  8.6
Axes           | 1 4 5 |  5.9

Action                   |  1- 3 |  4- 6 |  7- 9 | 10-12 || total
-------------------------+-------+-------+-------+-------++-------
Melee: Long sword        |   155 |   238 |   129 |       ||   522
       Hand axe          |       |       |   156 |   199 ||   355
Throw: Javelin           |       |     8 |     8 |    10 ||    26
       Tomahawk          |       |       |     1 |     7 ||     8
 Abil: Evoke Berserk Rag |       |     2 |     2 |     2 ||     6
Evoke: Wand              |       |       |     2 |       ||     2
  Use: Scroll            |     4 |     3 |     4 |     5 ||    16
       Potion            |       |       |     3 |     3 ||     6
  Eat: Chunk             |     3 |    10 |    13 |     8 ||    34
       Ration            |       |       |     1 |     1 ||     2
Armor: Scale mail        |    63 |     1 |       |       ||    64
       Chain mail        |       |   112 |   127 |    88 ||   327
Dodge: Dodged            |    41 |    31 |    69 |    31 ||   172
Block: Shield            |    89 |   141 |   185 |   136 ||   551
       Rpst.: Long sword |    14 |    13 |    15 |       ||    42
